| TOP OF THE 1ST |
|
Bridgetown Tridents batting - Pitching for Durango Desert Dogs : RHP Ricardo Posada
|
|
Pitching: RHP Ricardo Posada
|
|
|
Batting: SHB Harold Reynolds
|
0-0: Called Strike 0-1: Ball 1-1: Ground out 4-3 (Groundball, 4, EV 95.0 MPH)
|
|
Batting: RHB Cal Ripken
|
0-0: Foul Ball, location: 2F 0-1: Swinging Strike 0-2: Ball 1-2: Ball 2-2: Strikes out looking
|
|
Batting: RHB Andres Galarraga
|
0-0: Swinging Strike 0-1: Ball 1-1: Swinging Strike 1-2: Strikes out swinging
|
| Top of the 1st over - 0 runs, 0 hits, 0 errors, 0 left on base; Bridgetown 0 - Durango 0 |
| BOTTOM OF THE 1ST |
|
Durango Desert Dogs batting - Pitching for Bridgetown Tridents : RHP Storm Davis
|
|
Pitching: RHP Storm Davis
|
|
|
Batting: RHB Dave C Anderson
|
0-0: Ball 1-0: Called Strike 1-1: Ground out 5-3 (Groundball, 56S, EV 81.3 MPH)
|
|
Batting: RHB Rusty Tillman
|
0-0: Ground out 4-3 (Groundball, 4, EV 85.6 MPH)
|
|
Batting: SHB Tony Phillips
|
0-0: Foul Ball, location: 2F 0-1: Ball 1-1: Ball 2-1: Ball 3-1: Foul Ball, location: 2F 3-2: Fly out, F7 (Flyball, 78M, EV 78.8 MPH)
|
| Bottom of the 1st over - 0 runs, 0 hits, 0 errors, 0 left on base; Bridgetown 0 - Durango 0 |
| TOP OF THE 2ND |
|
Bridgetown Tridents batting - Pitching for Durango Desert Dogs : RHP Ricardo Posada
|
|
Batting: RHB Dave Meier
|
0-0: Ground out 6-3 (Groundball, 6M, EV 84.4 MPH)
|
|
Batting: LHB Darryl Strawberry
|
0-0: Swinging Strike 0-1: Ball 1-1: Ball 2-1: Ball 3-1: Swinging Strike 3-2: Base on Balls
|
|
Batting: RHB Fritzie Connally
|
0-0: Swinging Strike 0-1: Ball 1-1: Swinging Strike 1-2: Ball 2-2: Foul Ball, location: 2F 2-2: Ball 3-2: Base on Balls Darryl Strawberry to second
|
|
Batting: LHB Paul O'Neill
|
0-0: Called Strike 0-1: Ball Darryl Strawberry steals 3rd base 1-1: Ball 2-1: Ball 3-1: Foul Ball, location: 2F 3-2: Fielders Choice at 2nd, 6-4 (Groundball, 6, EV 110.6 MPH) Darryl Strawberry scores
|
|
Batting: RHB Jose Canseco
|
0-0: Foul Ball, location: 2F 0-1: Ball 1-1: Ball 2-1: Ball 3-1: Base on Balls Paul O'Neill to second
|
|
Batting: LHB Ray Cosey
|
0-0: Called Strike 0-1: Foul Ball, location: 2F 0-2: SINGLE (Line Drive, 9S, EV 102.5 MPH) Paul O'Neill to third Jose Canseco to second Runner from 3rd tries for Home, SAFE, throw by RF to home
|
|
Batting: SHB Harold Reynolds
|
0-0: Swinging Strike 0-1: Fly out, F6 (Popup, 6MS, EV 55.6 MPH)
|
| Top of the 2nd over - 2 runs, 1 hit, 0 errors, 2 left on base; Bridgetown 2 - Durango 0 |
| BOTTOM OF THE 2ND |
|
Durango Desert Dogs batting - Pitching for Bridgetown Tridents : RHP Storm Davis
|
|
Batting: SHB Mike D Young
|
0-0: Swinging Strike 0-1: Swinging Strike 0-2: Strikes out swinging
|
|
Batting: LHB Greg Brock
|
0-0: Foul Ball, location: 2F 0-1: Foul Ball, location: 2F 0-2: Ball 1-2: Strikes out swinging
|
|
Batting: LHB Randy S Johnson
|
0-0: Ball 1-0: Foul Ball, location: 2F 1-1: Ball 2-1: Ball 3-1: Reached on error, E5 (Popup, 56, EV 65.6 MPH)
|
|
Batting: RHB Nick Capra
|
0-0: Called Strike 0-1: Swinging Strike 0-2: Ball 1-2: Strikes out swinging
|
| Bottom of the 2nd over - 0 runs, 0 hits, 1 error, 1 left on base; Bridgetown 2 - Durango 0 |
| TOP OF THE 3RD |
|
Bridgetown Tridents batting - Pitching for Durango Desert Dogs : RHP Ricardo Posada
|
|
Batting: RHB Cal Ripken
|
0-0: Ball 1-0: Called Strike 1-1: Ball 2-1: Ball 3-1: Base on Balls
|
|
Batting: RHB Andres Galarraga
|
0-0: Swinging Strike 0-1: Ball 1-1: Grounds into double play, 6-4-3 (Groundball, 6, EV 86.9 MPH)
|
|
Batting: RHB Dave Meier
|
0-0: Foul Ball, location: 2F 0-1: Called Strike 0-2: Ball 1-2: Strikes out swinging
|
| Top of the 3rd over - 0 runs, 0 hits, 0 errors, 0 left on base; Bridgetown 2 - Durango 0 |
| BOTTOM OF THE 3RD |
|
Durango Desert Dogs batting - Pitching for Bridgetown Tridents : RHP Storm Davis
|
|
Batting: LHB Dan Graham
|
0-0: Ball 1-0: Ball 2-0: Called Strike 2-1: Ball 3-1: Foul Ball, location: 2F 3-2: Ground out 4-3 (Groundball, 4S, EV 69.4 MPH)
|
|
Batting: SHB Dale Sveum
|
0-0: SINGLE (Groundball, 34D, EV 104.4 MPH)
|
|
Batting: RHB Dave C Anderson
|
0-0: Called Strike 0-1: Ball 1-1: Called Strike 1-2: Ball 2-2: Foul Ball, location: 2F 2-2: Ground out 3-1 (Groundball, 13, EV 86.9 MPH) Dale Sveum to second
|
|
Batting: RHB Rusty Tillman
|
0-0: Ball 1-0: Ground out 4-3 (Groundball, 4M, EV 89.4 MPH)
|
| Bottom of the 3rd over - 0 runs, 1 hit, 0 errors, 1 left on base; Bridgetown 2 - Durango 0 |
| TOP OF THE 4TH |
|
Bridgetown Tridents batting - Pitching for Durango Desert Dogs : RHP Ricardo Posada
|
|
Batting: LHB Darryl Strawberry
|
0-0: Foul Ball, location: 2F 0-1: Ball 1-1: Ball 2-1: Ground out 4-3 (Groundball, 4, EV 80.6 MPH)
|
|
Batting: RHB Fritzie Connally
|
0-0: Called Strike 0-1: Ball 1-1: Ball 2-1: Ball 3-1: Called Strike 3-2: Foul Ball, location: 2F 3-2: Fly out, F8 (Line Drive, 8RM, EV 100.6 MPH)
|
|
Batting: LHB Paul O'Neill
|
0-0: Ball 1-0: Foul Ball, location: 2F 1-1: Swinging Strike 1-2: Ball 2-2: Foul Ball, location: 2F 2-2: Strikes out swinging
|
| Top of the 4th over - 0 runs, 0 hits, 0 errors, 0 left on base; Bridgetown 2 - Durango 0 |
| BOTTOM OF THE 4TH |
|
Durango Desert Dogs batting - Pitching for Bridgetown Tridents : RHP Storm Davis
|
|
Batting: SHB Tony Phillips
|
0-0: Ball 1-0: SINGLE (Groundball, 5S, EV 71.9 MPH) (infield hit)
|
|
Batting: SHB Mike D Young
|
0-0: Called Strike 0-1: Called Strike Tony Phillips is caught stealing 2nd base 2-6 0-2: Ball 1-2: Ball 2-2: Strikes out swinging
|
|
Batting: LHB Greg Brock
|
0-0: Called Strike 0-1: Ball 1-1: Ground out 6-3 (Groundball, 6MD, EV 108.1 MPH)
|
| Bottom of the 4th over - 0 runs, 1 hit, 0 errors, 0 left on base; Bridgetown 2 - Durango 0 |
| TOP OF THE 5TH |
|
Bridgetown Tridents batting - Pitching for Durango Desert Dogs : RHP Ricardo Posada
|
|
Batting: RHB Jose Canseco
|
0-0: Ball 1-0: Foul Ball, location: 2F 1-1: Ball 2-1: Foul Ball, location: 2F 2-2: Ground out 1-3 (Groundball, 13S, EV 70.6 MPH)
|
|
Batting: LHB Ray Cosey
|
0-0: Called Strike 0-1: Called Strike 0-2: Fly out, F8 (Flyball, 8LS, EV 91.3 MPH)
|
|
Batting: SHB Harold Reynolds
|
0-0: Swinging Strike 0-1: Swinging Strike 0-2: Ball 1-2: Ball 2-2: Foul Ball, location: 2F 2-2: Ball 3-2: SINGLE (Flyball, 5D, EV 93.8 MPH)
|
|
Batting: RHB Cal Ripken
|
0-0: Foul Ball, location: 2F 0-1: Ball 1-1: Ball 2-1: Fly out, F7 (Flyball, 78XD, EV 104.4 MPH)
|
| Top of the 5th over - 0 runs, 1 hit, 0 errors, 1 left on base; Bridgetown 2 - Durango 0 |
| BOTTOM OF THE 5TH |
|
Durango Desert Dogs batting - Pitching for Bridgetown Tridents : RHP Storm Davis
|
|
Batting: LHB Randy S Johnson
|
0-0: Swinging Strike 0-1: Swinging Strike 0-2: Strikes out swinging
|
|
Batting: RHB Nick Capra
|
0-0: SINGLE (Line Drive, 5D, EV 97.5 MPH)
|
|
Batting: LHB Dan Graham
|
0-0: Ball 1-0: Called Strike 1-1: Foul Ball, location: 2F 1-2: Foul Ball, location: 2F 1-2: Fly out, F8 (Flyball, 8LM, EV 78.1 MPH)
|
|
Batting: SHB Dale Sveum
|
0-0: Ball 1-0: Foul Ball, location: 2F 1-1: Swinging Strike 1-2: Strikes out looking
|
| Bottom of the 5th over - 0 runs, 1 hit, 0 errors, 1 left on base; Bridgetown 2 - Durango 0 |
| TOP OF THE 6TH |
|
Bridgetown Tridents batting - Pitching for Durango Desert Dogs : RHP Ricardo Posada
|
|
Batting: RHB Andres Galarraga
|
0-0: Called Strike 0-1: Called Strike 0-2: Ball 1-2: Ball 2-2: Strikes out swinging
|
|
Batting: RHB Dave Meier
|
0-0: Ball 1-0: Called Strike 1-1: Foul Ball, location: 2F 1-2: SINGLE (Groundball, 6MD, EV 105.6 MPH)
|
|
Batting: LHB Darryl Strawberry
|
0-0: Foul Ball, location: 2F 0-1: Ball 1-1: Ball 2-1: Foul Ball, location: 2F 2-2: Grounds into double play, 4-6-3 (Groundball, 4, EV 102.5 MPH)
|
| Top of the 6th over - 0 runs, 1 hit, 0 errors, 0 left on base; Bridgetown 2 - Durango 0 |
| BOTTOM OF THE 6TH |
|
Durango Desert Dogs batting - Pitching for Bridgetown Tridents : RHP Storm Davis
|
|
Batting: RHB Dave C Anderson
|
0-0: Fly out, F8 (Flyball, 8RD, EV 99.4 MPH)
|
|
Batting: RHB Rusty Tillman
|
0-0: Called Strike 0-1: Swinging Strike 0-2: Ball 1-2: Foul Ball, location: 2F 1-2: Ball 2-2: Foul Ball, location: 2F 2-2: Foul Ball, location: 2F 2-2: Ball 3-2: Strikes out swinging
|
|
Batting: SHB Tony Phillips
|
0-0: Called Strike 0-1: Ball 1-1: Foul Ball, location: 2F 1-2: Ball 2-2: Ball 3-2: Base on Balls
|
|
Batting: SHB Mike D Young
|
0-0: Called Strike 0-1: Ball 1-1: Swinging Strike 1-2: Ball 2-2: Ground out 4-3 (Groundball, 4S, EV 86.3 MPH)
|
| Bottom of the 6th over - 0 runs, 0 hits, 0 errors, 1 left on base; Bridgetown 2 - Durango 0 |
| TOP OF THE 7TH |
|
Bridgetown Tridents batting - Pitching for Durango Desert Dogs : RHP Ricardo Posada
|
|
Batting: RHB Fritzie Connally
|
0-0: Fly out, F3 (Popup, 3F, EV 61.3 MPH)
|
|
Batting: LHB Paul O'Neill
|
0-0: Ball 1-0: Ball 2-0: Fly out, F8 (Line Drive, 8LM, EV 84.4 MPH)
|
|
Batting: RHB Jose Canseco
|
0-0: Fly out, F5 (Popup, 5SF, EV 75.0 MPH)
|
| Top of the 7th over - 0 runs, 0 hits, 0 errors, 0 left on base; Bridgetown 2 - Durango 0 |
| BOTTOM OF THE 7TH |
|
Durango Desert Dogs batting - Pitching for Bridgetown Tridents : RHP Storm Davis
|
|
Batting: LHB Greg Brock
|
0-0: Ball 1-0: Ball 2-0: Ground out 4-3 (Groundball, 4, EV 79.4 MPH)
|
|
Batting: LHB Randy S Johnson
|
0-0: Foul Ball, location: 2F 0-1: Swinging Strike 0-2: Ball 1-2: Strikes out swinging
|
|
Batting: RHB Nick Capra
|
0-0: Ground out 6-3 (Groundball, 6M, EV 85.6 MPH)
|
| Bottom of the 7th over - 0 runs, 0 hits, 0 errors, 0 left on base; Bridgetown 2 - Durango 0 |
| TOP OF THE 8TH |
|
Bridgetown Tridents batting - Pitching for Durango Desert Dogs : RHP Ricardo Posada
|
|
Batting: LHB Ray Cosey
|
0-0: Ball 1-0: Ground out U3 (Groundball, 3, EV 86.3 MPH)
|
|
Batting: SHB Harold Reynolds
|
0-0: Called Strike 0-1: Called Strike 0-2: Fly out, F8 (Line Drive, 8RD, EV 93.1 MPH)
|
|
Batting: RHB Cal Ripken
|
0-0: Foul Ball, location: 2F 0-1: Foul Ball, location: 2F 0-2: Foul Ball, location: 2F 0-2: Ball 1-2: Fly out, F9 (Flyball, 9S, EV 81.3 MPH)
|
| Top of the 8th over - 0 runs, 0 hits, 0 errors, 0 left on base; Bridgetown 2 - Durango 0 |
| BOTTOM OF THE 8TH |
|
Durango Desert Dogs batting - Pitching for Bridgetown Tridents : RHP Storm Davis
|
|
Batting: LHB Dan Graham
|
0-0: Ball 1-0: Foul Ball, location: 2F 1-1: Ground out U3 (Groundball, 3, EV 80.6 MPH)
|
|
Batting: SHB Dale Sveum
|
0-0: Ball 1-0: Called Strike 1-1: Foul Ball, location: 2F 1-2: Foul Ball, location: 2F 1-2: Ground out 6-3 (Groundball, 6D, EV 105.0 MPH)
|
|
Batting: RHB Dave C Anderson
|
0-0: Fly out, F8 (Flyball, 78D, EV 94.4 MPH)
|
| Bottom of the 8th over - 0 runs, 0 hits, 0 errors, 0 left on base; Bridgetown 2 - Durango 0 |
| TOP OF THE 9TH |
|
Bridgetown Tridents batting - Pitching for Durango Desert Dogs : RHP Ricardo Posada
|
|
Batting: RHB Andres Galarraga
|
0-0: SINGLE (Line Drive, 9S, EV 85.6 MPH)
|
|
Batting: RHB Dave Meier
|
0-0: Ball 1-0: Foul Ball, location: 2F 1-1: SINGLE (Groundball, 3D, EV 98.1 MPH) Andres Galarraga to second Runner from 2nd tries for 3rd, SAFE, throw by RF made to third
|
|
Batting: LHB Darryl Strawberry
|
0-0: Ball 1-0: Foul Ball, location: 2F 1-1: Swinging Strike Balk! Andres Galarraga scores Dave Meier to second 1-2: Strikes out swinging
|
|
Batting: RHB Fritzie Connally
|
0-0: Ball 1-0: Ball 2-0: 2-RUN HOME RUN (Flyball, 7LD, EV 99.4 MPH), Distance : 356 ft
|
|
Pitching: RHP Bobby Trinidad
|
|
|
Batting: LHB Paul O'Neill
|
0-0: Foul Ball, location: 2F 0-1: SINGLE (Flyball, 7LS, EV 92.5 MPH)
|
|
Batting: RHB Jose Canseco
|
0-0: Ball 1-0: Swinging Strike 1-1: Ball 2-1: Ball 3-1: Base on Balls Paul O'Neill to second
|
|
Batting: LHB Ray Cosey
|
0-0: Ball 1-0: Swinging Strike 1-1: Foul Ball, location: 2F 1-2: Ball 2-2: Strikes out swinging
|
|
Batting: SHB Harold Reynolds
|
0-0: Ball 1-0: Ball 2-0: Ball 3-0: Base on Balls Paul O'Neill to third Jose Canseco to second
|
|
Batting: RHB Cal Ripken
|
0-0: Ball 1-0: Ball 2-0: Ball 3-0: Called Strike 3-1: Called Strike 3-2: Ground out 3-1 (Groundball, 34, EV 88.1 MPH)
|
| Top of the 9th over - 3 runs, 4 hits, 0 errors, 3 left on base; Bridgetown 5 - Durango 0 |
| BOTTOM OF THE 9TH |
|
Durango Desert Dogs batting - Pitching for Bridgetown Tridents : RHP Storm Davis
|
|
Batting: RHB Rusty Tillman
|
0-0: Called Strike 0-1: SINGLE (Flyball, 4D, EV 88.1 MPH)
|
|
Batting: SHB Tony Phillips
|
0-0: Fly out, F6 (Popup, 6S, EV 65.6 MPH)
|
|
Batting: SHB Mike D Young
|
0-0: Ball 1-0: TRIPLE (Flyball, 9D, EV 107.5 MPH) Rusty Tillman scores
|
|
Batting: LHB Greg Brock
|
0-0: SINGLE (Groundball, 4MD, EV 94.4 MPH) Mike D Young scores
|
|
Pitching: LHP Carlos A Diaz
|
|
|
Now at 3B: Brad Wellman
|
|
|
Now in LF: Eric Peyton
|
|
|
Batting: LHB Randy S Johnson
|
0-0: Ball 1-0: Foul Ball, location: 2F 1-1: Ball 2-1: Ball 3-1: Base on Balls Greg Brock to second
|
|
Batting: RHB Nick Capra
|
0-0: Ball 1-0: Called Strike 1-1: Ball 2-1: Fly out, F3 (Line Drive, 3, EV 75.6 MPH)
|
|
Pinch Hitting: RHB John Guarino
|
0-0: Called Strike 0-1: Ball 1-1: Ball 2-1: Foul Ball, location: 2F 2-2: Ball 3-2: Ground out 6-3 (Groundball, 6S, EV 70.0 MPH)
|
| Bottom of the 9th over - 2 runs, 3 hits, 0 errors, 2 left on base; Bridgetown 5 - Durango 2 |
|